[Event "EYCC Open-U12 2019"]
[Site "Bratislava"]
[Date "2019.08.07"]
[Round "6.40"]
[White "Lavrencic, Matic"]
[Black "Magold, Filip"]
[Result "0-1"]
[ECO "B52"]
[WhiteElo "1564"]
[BlackElo "1865"]
[Annotator "NA"]
[PlyCount "68"]
[EventDate "2019.08.02"]
[EventType "swiss"]
[EventCountry "SVK"]
[SourceTitle "playchess.com"]
[Source "ChessBase"]
[SourceQuality "1"]
[TimeControl "40/5400+30:1800+30"]

1. e4 c5 2. Nf3 d6 3. Bb5+ Bd7 4. Bxd7+ Qxd7 5. c4 Nc6 6. O-O g6 7. d4 cxd4 8. Nxd4 Bg7 9. Be3 Nf6 10. f3 O-O 11. Nc3 Rac8 12. b3 a6 13. Qd3 Ne5 14. Qe2 Qc7 15. Rac1 Rfd8 16. Rfd1 Qa5 17. Qd2 Nc6 18. Qf2 Re8 19. Na4 Nd7 20. Nxc6 Rxc6 21. Rd5 Qc7 22. Rcd1 Nf6 23. R5d2 b5 24. Nb2 Nd7 25. cxb5 axb5 26. Nd3 Bc3 27. Re2 Ne5 28. Nf4 e6 29. Bd4 Bb4 30. Qh4 Rc1 31. Rxc1 Qxc1+ 32. Kf2 Qxf4 33. Qxf4 Nd3+ 34. Ke3 Nxf4 0-1

[Event "EYCC Open-U12 2019"]
[Site "Bratislava"]
[Date "2019.08.07"]
[Round "6.41"]
[White "Nemsadze, Daviti"]
[Black "Baturina, Marin"]
[Result "1-0"]
[ECO "E05"]
[WhiteElo "1794"]
[BlackElo "1573"]
[Annotator "NA"]
[PlyCount "65"]
[EventDate "2019.08.02"]
[EventType "swiss"]
[EventCountry "SVK"]
[SourceTitle "playchess.com"]
[Source "ChessBase"]
[SourceQuality "1"]
[TimeControl "40/5400+30:1800+30"]

1. d4 d5 2. c4 e6 3. Nf3 Nf6 4. g3 Be7 5. Bg2 dxc4 6. O-O O-O 7. Nbd2 c5 8. Nxc4 Nc6 9. dxc5 Bxc5 10. Bg5 Be7 11. Qb3 Nd5 12. Bd2 a6 13. e4 Nc7 14. Nb6 Rb8 15. Bf4 Bc5 16. Na4 Ba7 17. Rfd1 Bd7 18. Qd3 e5 19. Qxd7 exf4 20. gxf4 Qxd7 21. Rxd7 Ne6 22. f5 Nf4 23. Rad1 Rfe8 24. Nc3 Nb4 25. Bf1 g6 26. Bc4 Rf8 27. Ng5 gxf5 28. Nxf7 Kg7 29. R1d6 Nh3+ 30. Kg2 Nf4+ 31. Kf1 Ng6 32. exf5 Nh4 33. Ng5+ {[%emt 0:00:04] Ra8} 1-0

[Event "EYCC Open-U12 2019"]
[Site "Bratislava"]
[Date "2019.08.07"]
[Round "6.42"]
[White "De Reese, Elias"]
[Black "Musaev, Matej Elbek"]
[Result "1-0"]
[ECO "D00"]
[WhiteElo "1850"]
[BlackElo "1693"]
[Annotator "NA"]
[PlyCount "127"]
[EventDate "2019.08.02"]
[EventType "swiss"]
[EventCountry "SVK"]
[SourceTitle "playchess.com"]
[Source "ChessBase"]
[SourceQuality "1"]
[TimeControl "40/5400+30:1800+30"]

1. d4 d5 2. Bf4 e6 3. e3 Nf6 4. Nf3 c5 5. c3 b6 6. Nbd2 Bb7 7. Ne5 Nc6 8. Bb5 Rc8 9. Qa4 a6 10. Bxc6+ Bxc6 11. Nxc6 Qd7 12. Qxa6 Rxc6 13. Nf3 Bd6 14. Bxd6 Rxd6 15. Ne5 Qc7 16. Qb5+ Nd7 17. O-O O-O 18. Nxd7 Rxd7 19. a4 Ra8 20. b4 Rd6 21. dxc5 bxc5 22. a5 g6 23. Qe2 Rda6 24. Ra3 R8a7 25. Rfa1 Ra8 26. Qb2 c4 27. R1a2 Qd8 28. g3 Rb8 29. b5 Raa8 30. b6 Ra6 31. Qb5 Qc8 32. Ra4 Kg7 33. e4 Qb7 34. Rd2 Rd8 35. exd5 Rxd5 36. Rxd5 exd5 37. Qc5 Qd7 38. Ra1 h6 39. Qc7 Qe6 40. Qb7 Rxa5 41. Rb1 Rb5 42. Rxb5 Qe1+ 43. Kg2 Qe4+ 44. Kf1 Qh1+ 45. Ke2 Qe4+ 46. Kd2 Qd3+ 47. Kc1 Qxc3+ 48. Kb1 Qd3+ 49. Ka2 Qc2+ 50. Ka3 Qc1+ 51. Kb4 c3 52. Qxd5 c2 53. Rc5 Qb2+ 54. Qb3 Qd4+ 55. Kb5 Qxc5+ 56. Kxc5 c1=Q+ 57. Kb4 Kg8 58. b7 Qc7 59. Ka4 Qc6+ 60. Qb5 Qc2+ 61. Ka5 Qa2+ 62. Kb6 Qxf2+ 63. Kc7 Qc2+ 64. Qc6 1-0

[Event "EYCC Open-U12 2019"]
[Site "Bratislava"]
[Date "2019.08.07"]
[Round "6.44"]
[White "Franc, Borna"]
[Black "Trzebinski, Patryk"]
[Result "1-0"]
[ECO "B73"]
[WhiteElo "1826"]
[BlackElo "1679"]
[Annotator "NA"]
[PlyCount "149"]
[EventDate "2019.08.02"]
[EventType "swiss"]
[EventCountry "SVK"]
[SourceTitle "playchess.com"]
[Source "ChessBase"]
[SourceQuality "1"]
[TimeControl "40/5400+30:1800+30"]

1. e4 c5 2. Nf3 d6 3. d4 cxd4 4. Nxd4 Nf6 5. Nc3 g6 6. Be2 Bg7 7. O-O O-O 8. Be3 Nc6 9. Qd2 Be6 10. Nxe6 fxe6 11. Rad1 Rc8 12. Bc4 Qd7 13. Bb3 Ng4 14. f4 Nxe3 15. Qxe3 Kh8 16. Kh1 Na5 17. Qxa7 Nc4 18. Bxc4 Rxc4 19. Rde1 Bxc3 20. bxc3 Ra4 21. Qb6 Rxa2 22. Qb3 Ra4 23. h3 b5 24. Rf3 d5 25. exd5 exd5 26. Re5 e6 27. g3 Qc6 28. Kg2 Re4 29. Rxe4 dxe4 30. Re3 Rd8 31. Qb4 Qd6 32. Qxe4 Qd5 33. Qxd5 exd5 34. Kf3 Rc8 35. Rd3 Kg7 36. Ke3 Kf6 37. Kd4 Ke6 38. Re3+ Kd6 39. Re5 Rc4+ 40. Kd3 Rc8 41. h4 h6 42. h5 g5 43. Rf5 gxf4 44. Rxf4 Ke5 45. Rg4 Rc6 46. Rf4 Ra6 47. Rf7 Ra3 48. Rb7 Ra4 49. Rxb5 Rg4 50. Rb6 Rxg3+ 51. Kd2 Rh3 52. Rxh6 d4 53. cxd4+ Kxd4 54. Kc1 Kc3 55. Rc6+ Kd4 56. h6 Kd5 57. Rg6 Kc4 58. Kb2 Rh5 59. Ra6 Kb5 60. Re6 Kb4 61. Kc1 Kc3 62. Rc6+ Kd4 63. c3+ Kd5 64. Rg6 Kc4 65. Kd2 Rh2+ 66. Ke3 Kxc3 67. Ke4 Kc4 68. Ke5 Kc5 69. Kf6 Kd6 70. Kg7+ Ke7 71. h7 Rh5 72. h8=Q Rh7+ 73. Kxh7 Kf7 74. Qg7+ Ke8 75. Rf6 1-0

[Event "EYCC Open-U12 2019"]
[Site "Bratislava"]
[Date "2019.08.07"]
[Round "6.45"]
[White "Farmakoski, Georg"]
[Black "Guia, Artur Solovyov Eloy"]
[Result "1-0"]
[ECO "D37"]
[WhiteElo "1355"]
[BlackElo "1790"]
[Annotator "NA"]
[PlyCount "100"]
[EventDate "2019.08.02"]
[EventType "swiss"]
[EventCountry "SVK"]
[SourceTitle "playchess.com"]
[Source "ChessBase"]
[SourceQuality "1"]
[TimeControl "40/5400+30:1800+30"]

1. d4 Nf6 2. c4 e6 3. Nf3 d5 4. Nc3 Nbd7 5. Bf4 c6 6. e3 Qa5 7. Nd2 Bb4 8. Qc1 Nh5 9. a3 Bxc3 10. Qxc3 Qxc3 11. bxc3 Nxf4 12. exf4 Nf6 13. Bd3 dxc4 14. Bxc4 Nd5 15. Bxd5 exd5 16. O-O Bf5 17. Rfe1+ Kd7 18. Re5 Bd3 19. Re3 Ba6 20. g3 Rhe8 21. Rae1 b6 22. Nf3 Rxe3 23. fxe3 f6 24. Kf2 Re8 25. Nd2 Bd3 26. g4 c5 27. dxc5 bxc5 28. c4 dxc4 29. Rc1 Kc6 30. Nxc4 Kd5 31. Nd2 Rc8 32. Kf3 c4 33. e4+ Kd4 34. e5 fxe5 35. fxe5 Kxe5 36. Ke3 Kd5 37. h4 Re8+ 38. Kf4 Re2 39. Nxc4 Bxc4 40. Rd1+ Kc5 41. Rd7 Rf2+ 42. Kg3 Rf7 43. Rd8 Kb5 44. g5 g6 45. Rb8+ Kc5 46. Rc8+ Kd4 47. Rd8+ Kc3 48. Rb8 Bb3 49. Kg4 a5 50. h5 Bd1+ 1-0

[Event "EYCC Open-U12 2019"]
[Site "Bratislava"]
[Date "2019.08.07"]
[Round "6.46"]
[White "Aleksanyan, Davit"]
[Black "Ryabukhin, Roman"]
[Result "1-0"]
[ECO "B12"]
[WhiteElo "1797"]
[BlackElo "1445"]
[Annotator "NA"]
[PlyCount "69"]
[EventDate "2019.08.02"]
[EventType "swiss"]
[EventCountry "SVK"]
[SourceTitle "playchess.com"]
[Source "ChessBase"]
[SourceQuality "1"]
[TimeControl "40/5400+30:1800+30"]

1. e4 c6 2. d4 d5 3. e5 Bf5 4. Be3 e6 5. Nd2 Nd7 6. Ngf3 h6 7. Be2 Ne7 8. O-O Bh7 9. c4 Nf5 10. c5 Be7 11. b4 g5 12. Nb3 h5 13. Na5 g4 14. Nxb7 Qb8 15. Ba6 gxf3 16. Qxf3 Rg8 17. Qxh5 Bg6 18. Qd1 Nxe5 19. Bf4 Bf6 20. Nd6+ Nxd6 21. dxe5 Nb5 22. a4 Nc3 23. Qd4 Ne4 24. f3 Bh8 25. fxe4 Bxe4 26. g3 Qc7 27. b5 Rg4 28. b6 axb6 29. cxb6 Qd8 30. Be2 Rg8 31. a5 f6 32. b7 Rb8 33. a6 f5 34. a7 Rxb7 35. a8=Q 1-0

[Event "EYCC Open-U12 2019"]
[Site "Bratislava"]
[Date "2019.08.07"]
[Round "6.47"]
[White "Mekhane, Adam"]
[Black "Vilimek, Vit"]
[Result "1-0"]
[ECO "B33"]
[WhiteElo "2040"]
[BlackElo "1523"]
[Annotator "NA"]
[PlyCount "57"]
[EventDate "2019.08.02"]
[EventType "swiss"]
[EventCountry "SVK"]
[SourceTitle "playchess.com"]
[Source "ChessBase"]
[SourceQuality "1"]
[TimeControl "40/5400+30:1800+30"]

1. e4 c5 2. Nf3 Nc6 3. d4 cxd4 4. Nxd4 Nf6 5. Nc3 e5 6. Ndb5 d6 7. Bg5 a6 8. Na3 b5 9. Bxf6 gxf6 10. Nd5 Bg7 11. g3 f5 12. exf5 Bxf5 13. Bg2 Rc8 14. c3 O-O 15. Nc2 Be6 16. Nce3 f5 17. Qh5 f4 18. Be4 Rf7 19. Qxh7+ Kf8 20. Nf5 Rxf5 21. Bxf5 Bxd5 22. Bxc8 Bxh1 23. Bxa6 Qb6 24. Qf5+ Ke7 25. Bc8 Nd8 26. Qd7+ Kf8 27. gxf4 exf4 28. O-O-O d5 29. Rxh1 1-0

[Event "EYCC Open-U12 2019"]
[Site "Bratislava"]
[Date "2019.08.07"]
[Round "6.48"]
[White "Radaca, Nasir"]
[Black "Stevik, Patrik"]
[Result "0-1"]
[ECO "A40"]
[WhiteElo "1639"]
[BlackElo "1941"]
[Annotator "NA"]
[PlyCount "90"]
[EventDate "2019.08.02"]
[EventType "swiss"]
[EventCountry "SVK"]
[SourceTitle "playchess.com"]
[Source "ChessBase"]
[SourceQuality "1"]
[TimeControl "40/5400+30:1800+30"]

1. d4 g6 2. Bf4 d6 3. e3 Bg7 4. Nc3 Nf6 5. h4 h5 6. Bd3 a6 7. Qd2 b5 8. f3 Nbd7 9. Nge2 c5 10. dxc5 dxc5 11. O-O-O Bb7 12. Ng3 O-O 13. Be4 Bxe4 14. Ncxe4 Qb6 15. Nxf6+ Nxf6 16. e4 b4 17. Qe3 Qa5 18. Kb1 c4 19. e5 Nd5 20. Qe4 Nxf4 21. Qxf4 Qxe5 22. Qxe5 Bxe5 23. Ne4 Rfd8 24. Nc5 Rd4 25. Rhe1 Rxd1+ 26. Rxd1 Bg3 27. Na4 Rc8 28. Nb6 Rc5 29. Nd5 Bxh4 30. Nxb4 a5 31. Nd5 e6 32. Nc3 Kg7 33. Na4 Re5 34. Nb6 c3 35. Nc4 Rc5 36. b3 a4 37. Rd3 axb3 38. cxb3 Bf6 39. Kc2 h4 40. Ne3 Rg5 41. Ng4 Be7 42. Rd7 Kf8 43. Kxc3 f5 44. Nf2 Rxg2 45. Nd3 h3 0-1

[Event "EYCC Open-U12 2019"]
[Site "Bratislava"]
[Date "2019.08.07"]
[Round "6.49"]
[White "Fizer, Marek"]
[Black "Paseka, Matyas"]
[Result "0-1"]
[ECO "B40"]
[WhiteElo "1624"]
[BlackElo "1917"]
[Annotator "NA"]
[PlyCount "146"]
[EventDate "2019.08.02"]
[EventType "swiss"]
[EventCountry "SVK"]
[SourceTitle "playchess.com"]
[Source "ChessBase"]
[SourceQuality "1"]
[TimeControl "40/5400+30:1800+30"]

1. e4 c5 2. Nf3 e6 3. c4 d6 4. Nc3 e5 5. Be2 Nc6 6. O-O g6 7. d3 Bg7 8. h3 Nge7 9. Nh2 O-O 10. Ng4 f5 11. exf5 Nxf5 12. Bf3 Nfd4 13. Bd5+ Ne6 14. Ne4 Kh8 15. Bxe6 Bxe6 16. Bg5 Bxg4 17. Qxg4 Qc7 18. Qe6 h6 19. Be3 Rad8 20. Qxg6 Ne7 21. Qg4 b6 22. Ng3 d5 23. Qh4 Ng6 24. Qh5 Nf4 25. Bxf4 exf4 26. Nf5 Rf6 27. Rae1 Rdf8 28. Nxg7 Kxg7 29. Qxd5 f3 30. Qe5 Qc8 31. Re4 fxg2 32. Rg4+ Kh8 33. Kxg2 Qc6+ 34. Qe4 Qd6 35. f4 Re6 36. Qf3 Rfe8 37. Rf2 Re3 38. Qb7 R8e7 39. Qa8+ Re8 40. Qxa7 Qc6+ 41. Kh2 R8e7 42. Qa3 h5 43. Qc3+ Kh7 44. Rg3 Rxg3 45. Kxg3 Rg7+ 46. Kh2 Qg6 47. Qxg7+ Qxg7 48. b3 h4 49. Rg2 Qa1 50. Rg1 Qxa2+ 51. Rg2 Qxb3 52. Rg4 Qc2+ 53. Kh1 Qxd3 54. Rxh4+ Kg6 55. Kg2 Qe2+ 56. Kg3 Qe1+ 57. Kg4 Qe2+ 58. Kg3 Kf5 59. Rh6 Qe3+ 60. Kg2 Qd2+ 61. Kh1 Kxf4 62. Rxb6 Kg3 63. Rb3+ Kf2 64. Rb1 Qc2 65. Rg1 Qxc4 66. Rg2+ Kf3 67. Kh2 Qf4+ 68. Kg1 Qd4+ 69. Kh2 c4 70. Rg3+ Kf2 71. Rg2+ Kf1 72. Kh1 Qe4 73. Kh2 Qxg2# 0-1

[Event "EYCC Open-U12 2019"]
[Site "Bratislava"]
[Date "2019.08.07"]
[Round "6.50"]
[White "Aasen, Fredrik"]
[Black "Asllani, Dorian"]
[Result "1/2-1/2"]
[ECO "A15"]
[WhiteElo "1606"]
[BlackElo "1718"]
[Annotator "NA"]
[PlyCount "103"]
[EventDate "2019.08.02"]
[EventType "swiss"]
[EventCountry "SVK"]
[SourceTitle "playchess.com"]
[Source "ChessBase"]
[SourceQuality "1"]
[TimeControl "40/5400+30:1800+30"]

1. c4 Nf6 2. g3 c6 3. Bg2 d5 4. Nf3 Bg4 5. O-O Bxf3 6. Bxf3 e6 7. d4 Bd6 8. Nd2 O-O 9. e4 dxe4 10. Nxe4 Nxe4 11. Bxe4 Qe7 12. Qc2 h6 13. Re1 Rc8 14. Bd2 Nd7 15. Bc3 Qf8 16. b3 Rab8 17. f4 Nf6 18. Bf3 Bb4 19. Bxb4 Qxb4 20. a3 Qd6 21. Red1 b6 22. b4 b5 23. c5 Qd8 24. Qg2 Qd7 25. Ra2 Rc7 26. g4 Rd8 27. h4 Kf8 28. g5 hxg5 29. hxg5 Nd5 30. Bxd5 Qxd5 31. Qxd5 Rxd5 32. Kf2 f6 33. g6 Rh5 34. Rad2 Rd7 35. Rd3 Rdd5 36. Rf3 Rdf5 37. Ke3 Ke7 38. Rdf1 Rd5 39. R1f2 Rh1 40. Rf1 Rxf1 41. Rxf1 Rh5 42. Re1 f5 43. Kf2 Rh3 44. Ra1 Rb3 45. a4 Rxb4 46. axb5 Rxb5 47. Rxa7+ Kf6 48. Rd7 Ra5 49. Rd6 Ra6 50. Ke3 Ke7 51. Kf2 Kf6 52. Ke3 1/2-1/2

[Event "EYCC Open-U12 2019"]
[Site "Bratislava"]
[Date "2019.08.07"]
[Round "6.51"]
[White "Zlatkov, Anton"]
[Black "Koska, Jiri"]
[Result "1-0"]
[ECO "C44"]
[WhiteElo "1782"]
[BlackElo "1574"]
[Annotator "NA"]
[PlyCount "69"]
[EventDate "2019.08.02"]
[EventType "swiss"]
[EventCountry "SVK"]
[SourceTitle "playchess.com"]
[Source "ChessBase"]
[SourceQuality "1"]
[TimeControl "40/5400+30:1800+30"]

1. e4 e5 2. Nf3 Nc6 3. d4 exd4 4. Bc4 h6 5. O-O Bc5 6. c3 d3 7. Qxd3 Nge7 8. Bxf7+ Kxf7 9. Qc4+ d5 10. Qxc5 dxe4 11. Ne5+ Nxe5 12. Qxe5 Bf5 13. Bf4 c6 14. Nd2 Qd5 15. Rfe1 Qxe5 16. Bxe5 Ng6 17. Bg3 Rhe8 18. Nc4 Re7 19. Nd6+ Kf6 20. Re3 Rd8 21. Rae1 b5 22. h4 h5 23. f3 Re6 24. fxe4 Bg4 25. Rf1+ Nf4 26. Bxf4 Kg6 27. e5 Rd7 28. Ne4 Re8 29. Rf2 a5 30. b4 a4 31. Nc5 Rd5 32. e6 Kh7 33. Bg5 Rf5 34. Rxf5 Bxf5 35. e7 1-0

[Event "EYCC Open-U12 2019"]
[Site "Bratislava"]
[Date "2019.08.07"]
[Round "6.52"]
[White "Kolani, Arjun"]
[Black "Lye, Sverre"]
[Result "0-1"]
[ECO "B32"]
[WhiteElo "1699"]
[BlackElo "1839"]
[Annotator "NA"]
[PlyCount "44"]
[EventDate "2019.08.02"]
[EventType "swiss"]
[EventCountry "SVK"]
[SourceTitle "playchess.com"]
[Source "ChessBase"]
[SourceQuality "1"]
[TimeControl "40/5400+30:1800+30"]

1. e4 c5 2. Nf3 Nc6 3. d4 cxd4 4. Nxd4 e5 5. Nb5 a6 6. Nd6+ Bxd6 7. Qxd6 Qf6 8. Qd1 Qg6 9. Nc3 d5 10. exd5 Nd4 11. Bd3 Qxg2 12. Be4 Qh3 13. Be3 Bg4 14. Qd3 f5 15. Bxd4 exd4 16. Qxd4 fxe4 17. Qxe4+ Kf7 18. Qf4+ Nf6 19. Kd2 Rad8 20. d6 Qf3 21. Qc4+ Be6 22. Qd4 Qc6 0-1

[Event "EYCC Open-U12 2019"]
[Site "Bratislava"]
[Date "2019.08.07"]
[Round "6.53"]
[White "Hald Falkesgaard, Jeppe"]
[Black "Zakarian, Dimitrios Levon"]
[Result "0-1"]
[ECO "E43"]
[WhiteElo "1815"]
[BlackElo "1580"]
[Annotator "NA"]
[PlyCount "64"]
[EventDate "2019.08.02"]
[EventType "swiss"]
[EventCountry "SVK"]
[SourceTitle "playchess.com"]
[Source "ChessBase"]
[SourceQuality "1"]
[TimeControl "40/5400+30:1800+30"]

1. d4 Nf6 2. c4 e6 3. Nc3 Bb4 4. e3 b6 5. Bd3 Bb7 6. Nf3 O-O 7. O-O Bxc3 8. bxc3 Ne4 9. Qc2 f5 10. a4 a5 11. Nd2 Qh4 12. f3 Ng5 13. e4 fxe4 14. Nxe4 Nxe4 15. Bxe4 d5 16. cxd5 exd5 17. Qb3 Qh5 18. Re1 Qf7 19. Bd3 Nc6 20. Qc2 Qh5 21. Bd2 Rae8 22. Rxe8 Rxe8 23. Bf4 Re7 24. Bf5 Kh8 25. Bg4 Qe8 26. Qf5 Re1+ 27. Kf2 Rxa1 28. Be5 Ra2+ 29. Kg3 Nxe5 30. dxe5 Re2 31. e6 Kg8 32. Qd3 Rxe6 0-1

[Event "EYCC Open-U12 2019"]
[Site "Bratislava"]
[Date "2019.08.07"]
[Round "6.54"]
[White "Cherniaev, Danil"]
[Black "Cina', Vittorio"]
[Result "1-0"]
[ECO "D35"]
[WhiteElo "1513"]
[BlackElo "1780"]
[Annotator "NA"]
[PlyCount "51"]
[EventDate "2019.08.02"]
[EventType "swiss"]
[EventCountry "SVK"]
[SourceTitle "playchess.com"]
[Source "ChessBase"]
[SourceQuality "1"]
[TimeControl "40/5400+30:1800+30"]

1. d4 d5 2. c4 e6 3. Nc3 Nf6 4. cxd5 exd5 5. Bg5 Be7 6. e3 O-O 7. Nf3 c6 8. Bd3 h6 9. Bh4 Re8 10. Qc2 Qc7 11. Bxf6 Bxf6 12. Nxd5 Qa5+ 13. Nc3 Bg4 14. Be2 Bxf3 15. gxf3 c5 16. d5 b5 17. O-O-O Bxc3 18. Qxc3 b4 19. Qc4 a6 20. Rhg1 g6 21. d6 Kg7 22. d7 Rd8 23. Qe4 Nxd7 24. Bc4 Nf8 25. Qe7 Kh8 26. Qf6+ 1-0

[Event "EYCC Open-U12 2019"]
[Site "Bratislava"]
[Date "2019.08.08"]
[Round "7.1"]
[White "Piliposyan, Robert"]
[Black "Makridis, Dimitrios"]
[Result "1/2-1/2"]
[ECO "D30"]
[WhiteElo "2156"]
[BlackElo "1798"]
[Annotator "NA"]
[PlyCount "76"]
[EventDate "2019.08.02"]
[EventType "swiss"]
[EventCountry "SVK"]
[SourceTitle "playchess.com"]
[Source "ChessBase"]
[SourceQuality "1"]
[TimeControl "40/5400+30:1800+30"]

1. d4 d5 2. c4 e6 3. Nf3 Nf6 4. g3 Bb4+ 5. Bd2 Be7 6. Qc2 c6 7. Bg2 Nbd7 8. O-O O-O 9. Bf4 b6 10. b3 Bb7 11. Nc3 Rc8 12. e4 dxe4 13. Nxe4 Nxe4 14. Qxe4 Nf6 15. Qc2 Bd6 16. Bxd6 Qxd6 17. c5 Qe7 18. Ne5 Rfd8 19. Rfd1 Nd5 20. a3 b5 21. b4 Qc7 22. Qb3 Ne7 23. Be4 Nf5 24. Bxf5 exf5 25. a4 a6 26. f4 Rd5 27. Nf3 Rcd8 28. Re1 Bc8 29. axb5 axb5 30. Qa2 Be6 31. Ng5 Qd7 32. Nxe6 fxe6 33. Kg2 Rxd4 34. Qxe6+ Qxe6 35. Rxe6 Rxb4 36. Ra7 Rb2+ 37. Kh3 h6 38. Ree7 Rdd2 1/2-1/2

[Event "EYCC Open-U12 2019"]
[Site "Bratislava"]
[Date "2019.08.08"]
[Round "7.2"]
[White "Maurizzi, Marc Andria"]
[Black "Bat, Bilguun"]
[Result "1-0"]
[ECO "C41"]
[WhiteElo "2412"]
[BlackElo "2093"]
[Annotator "NA"]
[PlyCount "91"]
[EventDate "2019.08.02"]
[EventType "swiss"]
[EventCountry "SVK"]
[SourceTitle "playchess.com"]
[Source "ChessBase"]
[SourceQuality "1"]
[TimeControl "40/5400+30:1800+30"]

1. e4 d6 2. d4 Nf6 3. Nc3 e5 4. Nf3 Nbd7 5. Bc4 exd4 6. Nxd4 Nb6 7. Be2 Be7 8. O-O O-O 9. f4 c6 10. Bf3 d5 11. e5 Nfd7 12. Kh1 Nc5 13. Bg4 f6 14. e6 f5 15. Bxf5 Bf6 16. Re1 g6 17. Bh3 Ne4 18. Be3 Nc4 19. Bg1 Ncd6 20. Nxe4 Nxe4 21. c4 Qe7 22. cxd5 cxd5 23. Qb3 Bxd4 24. Bxd4 Bxe6 25. Rxe4 dxe4 26. Qxe6+ Qf7 27. Qxe4 Rae8 28. Be5 Rd8 29. Bg4 h5 30. Bd1 Qf5 31. Bb3+ Kh7 32. Qxf5 gxf5 33. h4 Rd2 34. Rc1 Rfd8 35. Rc3 R2d3 36. Rxd3 Rxd3 37. Bc2 Rd2 38. Bxf5+ Kh6 39. Be6 Re2 40. Kg1 a5 41. Kf1 Re4 42. Kf2 b5 43. Bd5 Rb4 44. f5 Rxh4 45. f6 Kg6 46. f7 1-0

[Event "EYCC Open-U12 2019"]
[Site "Bratislava"]
[Date "2019.08.08"]
[Round "7.3"]
[White "Ozkan, Taha"]
[Black "Petrovskiy, Vadim"]
[Result "0-1"]
[ECO "E92"]
[WhiteElo "2140"]
[BlackElo "2090"]
[Annotator "NA"]
[PlyCount "66"]
[EventDate "2019.08.02"]
[EventType "swiss"]
[EventCountry "SVK"]
[SourceTitle "playchess.com"]
[Source "ChessBase"]
[SourceQuality "1"]
[TimeControl "40/5400+30:1800+30"]

1. d4 Nf6 2. c4 g6 3. Nc3 Bg7 4. e4 d6 5. Nf3 O-O 6. Be2 e5 7. Be3 Ng4 8. Bg5 f6 9. Bc1 exd4 10. Nxd4 f5 11. h3 Nh6 12. Bxh6 Bxh6 13. exf5 gxf5 14. O-O Na6 15. Bf3 c6 16. Re1 Qf6 17. Nb3 Bf4 18. Qe2 Be5 19. Rad1 Be6 20. Bh5 Qh6 21. Nd4 Bd7 22. Bf3 Rae8 23. Qc2 Kh8 24. Qd2 Qh4 25. Be2 Rg8 26. Bf1 Bf4 27. Qd3 Nc5 28. Qf3 Ne4 29. Nde2 Ng5 30. Qd3 Nxh3+ 31. Qxh3 Qxh3 32. Nxf4 Qh6 33. Rxe8 Bxe8 0-1

[Event "EYCC Open-U12 2019"]
[Site "Bratislava"]
[Date "2019.08.08"]
[Round "7.4"]
[White "Samadov, Read"]
[Black "Vergara Anton, Diego"]
[Result "1/2-1/2"]
[ECO "D35"]
[WhiteElo "2230"]
[BlackElo "2183"]
[Annotator "NA"]
[PlyCount "62"]
[EventDate "2019.08.02"]
[EventType "swiss"]
[EventCountry "SVK"]
[SourceTitle "playchess.com"]
[Source "ChessBase"]
[SourceQuality "1"]
[TimeControl "40/5400+30:1800+30"]

1. d4 d5 2. c4 e6 3. Nc3 Nf6 4. cxd5 exd5 5. Bg5 Be7 6. e3 c6 7. Bd3 O-O 8. Nge2 Nbd7 9. Qc2 Re8 10. O-O Nf8 11. Rae1 g6 12. a3 Ne6 13. Bh4 a5 14. Na4 b5 15. Nc5 Nxc5 16. dxc5 a4 17. Nd4 Bb7 18. Rc1 Rc8 19. Rfd1 Nd7 20. Bxe7 Qxe7 21. Nf3 Ne5 22. Nxe5 Qxe5 23. Be2 Rc7 24. Rd4 Bc8 25. Qc3 Ra7 26. Bf3 Bf5 27. Rcd1 Rae7 28. Qb4 Qf6 29. Qc3 Qg7 30. Qa5 Qf6 31. Qc3 Qg7 1/2-1/2

[Event "EYCC Open-U12 2019"]
[Site "Bratislava"]
[Date "2019.08.08"]
[Round "7.5"]
[White "Han, Yichen"]
[Black "Ciric, Pavle"]
[Result "1-0"]
[ECO "C13"]
[WhiteElo "2217"]
[BlackElo "1987"]
[Annotator "NA"]
[PlyCount "111"]
[EventDate "2019.08.02"]
[EventType "swiss"]
[EventCountry "SVK"]
[SourceTitle "playchess.com"]
[Source "ChessBase"]
[SourceQuality "1"]
[TimeControl "40/5400+30:1800+30"]

1. e4 e6 2. d4 d5 3. Nc3 Nf6 4. Bg5 Be7 5. e5 Nfd7 6. h4 f6 7. exf6 Nxf6 8. Nf3 c5 9. Bb5+ Bd7 10. Bxf6 Bxf6 11. Qe2 O-O 12. O-O-O Nc6 13. Bxc6 bxc6 14. Na4 cxd4 15. Ne5 Bxe5 16. Qxe5 Qe7 17. Qxd4 e5 18. Qe3 Rf4 19. Nc5 Raf8 20. f3 Bf5 21. Nd3 Bxd3 22. Rxd3 d4 23. Qe2 c5 24. g3 R4f5 25. Re1 c4 26. Rxd4 Rxf3 27. Qxc4+ Kh8 28. Rde4 Rxg3 29. Rxe5 Qd8 30. Qe4 h6 31. Re8 Rxe8 32. Qxe8+ Qxe8 33. Rxe8+ Kh7 34. Re4 Kg6 35. c4 Kf5 36. Rd4 Ke5 37. Rd5+ Ke6 38. h5 Rg4 39. b3 Rg2 40. Ra5 Rh2 41. Rxa7 Rxh5 42. Rxg7 Rh2 43. a4 Kd6 44. a5 Kc5 45. a6 Ra2 46. a7 Kb6 47. Rg6+ Kc5 48. Rxh6 Rxa7 49. Kb2 Rf7 50. Rh5+ Kd4 51. Rd5+ Ke4 52. Kc3 Rf3+ 53. Kb4 Rf7 54. Rd1 Rb7+ 55. Kc3 Rb8 56. c5 {[%emt 0:00:07] Kd5} 1-0

[Event "EYCC Open-U12 2019"]
[Site "Bratislava"]
[Date "2019.08.08"]
[Round "7.6"]
[White "Makkar, Rajat"]
[Black "Strybuk, Artsiom I"]
[Result "1/2-1/2"]
[ECO "A48"]
[WhiteElo "2064"]
[BlackElo "2193"]
[Annotator "NA"]
[PlyCount "64"]
[EventDate "2019.08.02"]
[EventType "swiss"]
[EventCountry "SVK"]
[SourceTitle "playchess.com"]
[Source "ChessBase"]
[SourceQuality "1"]
[TimeControl "40/5400+30:1800+30"]

1. d4 Nf6 2. Nf3 g6 3. Nbd2 d5 4. e3 Bg7 5. b4 O-O 6. Bb2 Nbd7 7. c4 dxc4 8. Nxc4 Nb6 9. Be2 Nxc4 10. Bxc4 b6 11. Ne5 Bb7 12. Qb3 e6 13. O-O Nd7 14. f4 Nxe5 15. fxe5 a6 16. a4 b5 17. axb5 axb5 18. Be2 Qg5 19. Bf3 Bxf3 20. Rxf3 Rxa1+ 21. Bxa1 Ra8 22. Bb2 Qd8 23. Qc3 Qd7 24. e4 c6 25. Rd3 Bf8 26. d5 cxd5 27. exd5 Rc8 28. Qd2 exd5 29. Rxd5 Qa7+ 30. Qd4 Qxd4+ 31. Bxd4 Bxb4 32. Rxb5 Bc3 1/2-1/2

[Event "EYCC Open-U12 2019"]
[Site "Bratislava"]
[Date "2019.08.08"]
[Round "7.7"]
[White "Fiszer, Bartosz"]
[Black "Tobak, Mikhail"]
[Result "0-1"]
[ECO "C70"]
[WhiteElo "2124"]
[BlackElo "1943"]
[Annotator "NA"]
[PlyCount "70"]
[EventDate "2019.08.02"]
[EventType "swiss"]
[EventCountry "SVK"]
[SourceTitle "playchess.com"]
[Source "ChessBase"]
[SourceQuality "1"]
[TimeControl "40/5400+30:1800+30"]

1. e4 e5 2. Nf3 Nc6 3. Bb5 a6 4. Ba4 f5 5. d3 fxe4 6. dxe4 Nf6 7. O-O d6 8. c3 b5 9. Bb3 Na5 10. Bc2 Be7 11. h3 O-O 12. a4 Be6 13. Ng5 Bc4 14. Re1 h6 15. b3 hxg5 16. bxc4 Nxc4 17. Bxg5 c6 18. Bb3 Qb6 19. axb5 cxb5 20. Nd2 d5 21. exd5 Bc5 22. Nxc4 bxc4 23. Bxc4 Bxf2+ 24. Kh1 Rac8 25. Rxa6 Qc5 26. Ba2 Bxe1 27. d6+ Kh8 28. Qxe1 Qb5 29. Ra7 Nh7 30. Qh4 Qb6 31. Rc7 Ra8 32. Bc4 Qxd6 33. Rb7 Ra1+ 34. Kh2 e4+ 35. Bf4 Qxf4+ 0-1